 Dungeon Crawl Stone Soup version 0.21.1-1-g345015f (webtiles) character file.

744194 beigtais the Minotaur Barricade (level 27, 245/245 HPs)
             Began as a Minotaur Fighter on Jan 29, 2018.
             Was the Champion of Trog.
             Quit the game on level 2 of Gehenna on Feb 8, 2018.
             The game lasted 17:01:13 (86067 turns).

beigtais the Minotaur Barricade (Minotaur Fighter) Turns: 86067, Time: 17:01:14

Health: 245/245    AC: 42    Str: 22    XL:     27
Magic:  6/6        EV: 18    Int:  1    God:    Trog [******]
Gold:   5534       SH: 24    Dex: 23    Spells: 26/26 levels left

rFire    + + .     SeeInvis +   e - +6 war axe (antimagic)
rCold    + + +     Gourm    .   s - +4 shield {AC+3}
rNeg     + + .     Faith    .   W - +7 gold dragon scales
rPois    +         Spirit   .   p - +2 hat "Heqauq" {rPois rCorr}
rElec    .         Reflect  .   y - scarf {cloud immunity}
rCorr    +         Harm     .   a - +2 pair of gloves {Dex+3}
MR       +++..     Rnd*Rage +   r - +2 pair of boots of the Assassin {Detection Stab+ Stlth++}
Stlth    ..........             U - amulet of regeneration
HPRegen  1.30/turn              n - ring "Kaliligo" {+Blink rC++ rN+ SInv Stlth-}
MPRegen  0.10/turn              k - ring "Puilofua" {rF+ rC+ rN+ EV+3}

@: no status effects
A: retaliatory headbutt, horns 2, talons 2, iridescent scales 1, berserk 1,
deformed body, dopey 2, frail 1, low mp 3, magic resistance 1, regeneration 1,
weak 1
}: 5/15 runes: decaying, slimy, silver, abyssal, gossamer
a: Berserk, Trog's Hand, Brothers in Arms, Burn Spellbooks, Renounce Religion,
Evoke Blink


You were on level 2 of Gehenna.
You worshipped Trog.
Trog was exalted by your worship.
You were not hungry.

You visited 16 branches of the dungeon, and saw 69 of its levels.
You visited the Abyss 2 times.
You also visited: Sewer and Desolation.

You collected 8348 gold pieces.
You spent 2814 gold pieces at shops.

Inventory:

Hand Weapons
 e - a +6 antimagic war axe (weapon)
 h - the +8 trident of the Octopus King {venom, rElec rPois MR+}
   (You found it on level 8 of the Dungeon)

   It poisons the flesh of those it strikes.
   It insulates you from electricity.
   It protects you from poison.
   It affects your resistance to hostile enchantments.
 j - a +2 antimagic trident
 o - a +5 demon trident of distortion
 C - a +8 broad axe of flaming
 D - a +4 broad axe of freezing
 J - a +4 demon trident of draining
 L - a +5 demon trident of electrocution
Missiles
 B - 2 silver tomahawks
 H - 5 javelins of returning
 I - 14 silver javelins
 M - 32 steel javelins (quivered)
 O - 11 javelins of penetration
Armour
 a - a +2 pair of gloves of dexterity (worn)
 i - a +2 large shield
 p - the +2 hat "Heqauq" (worn) {rPois rCorr}
   (You acquired it on level 15 of the Dungeon)

   It protects you from poison.
   It protects you from acid and corrosion.
 r - the +2 pair of boots of the Assassin (worn) {Detection Stab+ Stlth++}
   (You found it on level 5 of the Dungeon)

   It makes you much more stealthy.
 s - a +4 shield of protection (worn)
 y - a scarf of cloud immunity (worn)
 W - +7 gold dragon scales (worn)
Jewellery
 k - the ring "Puilofua" (right hand) {rF+ rC+ rN+ EV+3}
   (You took it off a deep elf blademaster on level 3 of the Elven Halls)

   [ring of evasion]

   It affects your evasion (+3).
   It protects you from fire.
   It protects you from cold.
   It protects you from negative energy.
 n - the ring "Kaliligo" (left hand) {+Blink rC++ rN+ SInv Stlth-}
   (You took it off a mummy priest on level 3 of the Crypt)

   [ring of positive energy]

   It greatly protects you from cold.
   It protects you from negative energy.
   It lets you see invisible.
   It lets you blink.
   It makes you less stealthy.
 E - the ring of the Lumpy Lives {*Corrode rF+ rN+ MR+ Dex+3}
   (You took it off a deep elf blademaster on level 3 of the Elven Halls)

   [ring of protection from fire]

   It affects your dexterity (+3).
   It protects you from fire.
   It protects you from negative energy.
   It affects your resistance to hostile enchantments.
   It may corrode you when you take damage.
 U - an amulet of regeneration (around neck)
 V - a +2 ring of strength
Wands
 d - a wand of acid (17)
 m - a wand of disintegration (35)
 G - a wand of iceblast (36)
 K - a wand of digging (24)
Scrolls
 b - 18 scrolls of remove curse
 g - 13 scrolls of identify
 w - 3 scrolls of fog
 z - 9 scrolls of fear
 A - 28 scrolls of teleportation
 T - a scroll of holy word
 X - 2 scrolls of immolation
Potions
 q - a potion of brilliance
 t - 10 potions of curing
 u - 12 potions of flight
 v - 2 potions of cancellation
 x - a potion of haste
 Q - 4 potions of resistance
 R - 3 potions of heal wounds
Books
 l - a book of Death

   Spells                             Type                      Level
   a - Corpse Rot                     Necromancy                   2
   b - Sublimation of Blood           Necromancy                   2
   c - Agony                          Necromancy                   5
   d - Dispel Undead                  Necromancy                   5
   e - Excruciating Wounds            Charms/Necromancy            5
   f - Bolt of Draining               Conjuration/Necromancy       5
   Trog disapproves of the use of such an item.
 N - a Necronomicon

   Spells                             Type                      Level
   a - Haunt                          Necromancy/Summoning         7
   b - Borgnjor's Revivification      Necromancy                   8
   c - Death's Door                   Charms/Necromancy            8
   d - Infestation                    Necromancy                   8
   e - Necromutation                  Transmutation/Necromancy     8
   Trog disapproves of the use of such an item.
Miscellaneous
 c - the horn of Geryon
Comestibles
 f - 42 rations


   Skills:
 O Level 27 Fighting
 O Level 27 Axes
 * Level 18.3(24.5) Polearms
 * Level 14.7 Throwing
 * Level 25.4 Armour
 * Level 14.2 Dodging
 - Level 4.8 Stealth
 O Level 27 Shields
 + Level 8.9 Evocations


You had 26 spell levels left.
You didn't know any spells.

Dungeon Overview and Level Annotations

Branches:
Dungeon (15/15)            Temple (1/1) D:7            Lair (6/6) D:9
  Swamp (4/4) Lair:2       Spider (4/4) Lair:2        Slime (5/5) Lair:5
    Orc (2/2) D:11            Elf (3/3) Orc:2        Vaults (5/5) D:14
  Crypt (3/3) Vaults:3       Tomb (0/3) Crypt:3      Depths (5/5) D:15
   Hell (1/1)                 Dis (2/7) Hell            Geh (5/7) Hell
    Coc (7/7) Hell            Tar (1/7) Hell            Zot (0/5) Depths:5

Altars:
Ashenzari
Cheibriados
Dithmenos
Elyvilon
Fedhas
Gozag
Hepliaklqana
Kikubaaqudgha
Makhleb
Nemelex Xobeh
Okawaru
Qazlal
Ru
Sif Muna
Trog
Uskayaw
Vehumet
Wu Jian
Xom
Yredelemnul
Zin
The Shining One
Beogh
Jiyva
Lugonu

Shops:
D:4 (   Orc:2 *[((   Elf:2 *   Vaults:1 ?   Vaults:4 :   Vaults:5 :}:}
Depths:1 }   Depths:2 !   Depths:5 :

Portals:
Hell: Depths:1 Depths:2 Depths:3 Depths:4 Depths:5
Abyss: Depths:3 Depths:4 Depths:5
Pandemonium: Depths:3
Ziggurat: Depths:1


Innate Abilities, Weirdness & Mutations

You reflexively headbutt those who attack you in melee.
You have a pair of horns on your head.
You have razor-sharp toenails.
You are partially covered in iridescent scales. (AC +2)
You tend to lose your temper in combat.
Armour fits poorly on your strangely shaped body.
You are very dopey. (Int -4)
You are frail. (-10% HP)
Your magical capacity is extremely low. (-30% MP)
You are resistant to hostile enchantments. (MR+)
Your natural rate of healing is unusually fast.
You are weak. (Str -2)


Message History

The cacodemon hits you but does no damage.
You block the alligator skeleton's attack.
The alligator skeleton tail-slaps you but does no damage.
The iron dragon zombie bites you but does no damage.
The iron dragon zombie claws you but does no damage.
The iron dragon zombie tramples you but does no damage.
You slice the cacodemon!!
You kill the cacodemon!
Trog accepts your kill.
You slash the alligator skeleton!
You destroy the alligator skeleton!
Trog accepts your kill.
You hit the iron dragon zombie but do no damage.
Save game and exit?
Welcome back, beigtais the Minotaur Fighter.
Trog says: Kill them all!
Press ? for a list of commands and other information.
Quiver which item? (- for none, * to show all) (? for menu, Esc to quit)
Okay, then.
Are you sure you want to abandon this character and quit the game? (Confirm with "yes".)

#....## #.....##...####......#...
#....)####.....##.####...........
##......#....[..#'#..##..........
#...#......§..........#..........
...#####.§≈≈>≈.......##..##.....≈
....####.≈≈≈≈.............§......
§.§..##..§§§..)............≈.....
.§.§......§§≈...Z.......§§§§§§§§§
≈≈§§§....§.≈....@.......§≈≈§.§§≈§
≈≈≈≈§...................§....§§§.
≈≈§§§[...................§§##.§≈.
≈≈.)∩.......##........###.##...§§
...........##........## ####.....
...#..#..#'#.......### #...###
#.########.##.....## +...... ...#
##...##)...# #>..... ...#
#)....'.#...# ##.#.#.


You could see an iron dragon zombie.

Vanquished Creatures
  the Royal Jelly (Slime:5)
  An ancient lich (Coc:3)
  Mara (Crypt:1)
  2 juggernauts
  10 shard shrikes
  Boris (Vaults:2)
  Margery (Vaults:5)
  Xtahua (Vaults:3)
  6 caustic shrikes
  Geryon (Hell)
  2 curse toes (Crypt:3)
  5 golden dragons
  the Enchantress (Depths:1)
  A profane servitor (Crypt:1)
  2 bone dragons
  Arachne (Spider:2)
  A Tzitzimitl (Depths:3)
  Jorgrun (Depths:1)
  10 Brimstone Fiends
  6 tentacled monstrosities
  A hellephant (Hell)
  2 Hell Sentinels
  6 liches
  5 Ice Fiends
  3 deep elf master archers (Elf:3)
  A quicksilver dragon (Depths:1)
  Asterion (Spider:2)
  2 deep elf blademasters (Elf:3)
  2 titans (Depths:4)
  32 acid blobs
  8 ancient champions
  9 sphinxes
  A tentacled starspawn (Abyss:5)
  Kirke (Elf:1)
  2 thorn hunters
  7 tengu reavers
  A draconian monk (Depths:5)
  4 revenants
  4 shadow dragons (Vaults:5)
  6 storm dragons
  18 azure jellies
  19 vault wardens
  8 frost giants
  2 balrugs
  8 fire giants
  An iron dragon (Depths:2)
  4 imperial myrmidons (Desolation)
  5 ghost moths (Spider:4)
  7 deep elf sorcerers
  Aizul (Swamp:2)
  2 caustic shrike zombies
  A draconian annihilator (Depths:5)
  A cacodemon (Geh:2)
  2 ghouls (Crypt:1)
  2 curse skulls (Crypt:3)
  2 war gargoyles (Vaults:5)
  8 emperor scorpions
  14 ironheart preservers
  An orc warlord (Orc:2)
  9 deep elf elementalists
  3 spriggan defenders (Depths:1)
  21 reapers
  An elemental wellspring (Coc:5)
  29 very ugly things
  8 vampire knights
  20 stone giants
  3 green draconians
  7 entropy weavers
  The ghost of bmj180 the Severer, a journeyman HOFi of Okawaru (Lair:5)
  2 grey draconians (Depths:5)
  3 deep elf demonologists
  2 black draconians (Depths:5)
  Nessos (D:13)
  A lorocyproca (Abyss:2)
  3 deep elf annihilators (Elf:3)
  3 spark wasps
  2 red draconians (Depths:5)
  5 eidola
  6 blizzard demons
  5 large abominations
  11 ettins
  13 deep elf death magi
  A crystal guardian (Desolation)
  7 ragged hierophants (Desolation)
  2 mummy priests (Crypt:3)
  8 death oozes
  A green death (Abyss:2)
  8 deep elf high priests
  3 quicksilver dragon zombies
  12 fire dragons
  39 vault guards
  16 great orbs of eyes
  19 yaktaur captains
  11 jiangshi
  Erolcha (Orc:1)
  2 servants of whispers (Desolation)
  5 peacekeepers (Desolation)
  A hydra (shapeshifter) (Vaults:5)
  22 ice dragons
  2 kraken zombies
  A catoblepas (Lair:5)
  3 rakshasas
  An anaconda (shapeshifter) (Vaults:1)
  5 spriggan air magi
  A merfolk avatar (Lair:6)
  21 hydras
  3 quicksilver dragon skeletons
  42 two-headed ogres
  11 centaur warriors
  9 death knights
  8 death yaks
  7 deep troll shamans
  A ghost crab (Swamp:3)
  8 alligators
  13 ogre magi
  5 tengu warriors
  11 vampire magi
  24 hell hogs
  6 deep troll earth magi
  4 titan zombies
  26 dancing weapons
  5 orc high priests
  A shock serpent (shapeshifter) (Vaults:1)
  4 spriggan berserkers
  9 soul eaters
  3 thrashing horrors (Abyss:2)
  23 deep elf knights
  2 small abominations
  A storm dragon zombie (Geh:2)
  Urug (D:13)
  5 titan skeletons
  Sonja (Lair:1)
  An iron golem (Geh:4)
  28 hell knights
  5 wretched stars
  9 sun demons
  A shadow wraith (Crypt:3)
  2 iron trolls
  38 skeletal warriors
  A salamander mystic (Depths:3)
  3 unseen horrors
  4 spark wasp zombies
  A swamp dragon (shapeshifter) (D:15)
  8 anaconda zombies
  25 deep trolls
  2 spriggan druids (Swamp:2)
  7 wizards
  5 glowing orange brains
  A shadow demon (Hell)
  A quicksilver dragon simulacrum (Coc:4)
  14 swamp dragons
  A sea snake (shapeshifter) (Vaults:1)
  A tengu zombie (Depths:3)
  3 golden dragon zombies
  16 phantasmal warriors
  A death drake (shapeshifter) (Abyss:2)
  11 deep elf archers
  2 golden dragon skeletons
  2 shambling mangroves (Swamp:4)
  13 flayed ghosts
  22 ironbrand convokers
  18 orc knights
  2 anaconda skeletons
  An iron giant skeleton (Crypt:1)
  3 shadow dragon zombies
  20 necromancers
  The ghost of Rhok the Summoner, a novice DESu of Sif Muna (D:8)
  62 deep elf magi
  5 stone giant zombies
  A wolf spider zombie (Crypt:3)
  6 harpies
  20 orb spiders
  41 ugly things
  21 wolf spiders
  9 fire giant zombies
  5 iron dragon zombies
  10 cyclopes
  7 frost giant zombies
  4 shining eyes
  A shadow dragon skeleton (Coc:7)
  7 manticores
  2 salamanders (Depths:3)
  10 orc sorcerers
  A worldbinder (Abyss:5)
  3 black mambas
  2 centaur zombies (D:13)
  A moth of wrath (shapeshifter) (Depths:5)
  4 elephants (Lair:6)
  Joseph (D:7)
  3 human skeletons
  5 smoke demons
  2 ice statues (Hell)
  An apocalypse crab (Abyss:2)
  6 iron dragon skeletons
  5 dire elephant zombies
  4 frost giant skeletons
  4 guardian serpents (Desolation)
  2 eyes of devastation (Slime:4)
  5 fire giant skeletons
  A molten gargoyle (Desolation)
  2 rust devils
  9 vault sentinels
  17 spiny frogs
  3 centaur skeletons
  2 gargoyles
  7 dire elephant skeletons
  11 hellions
  A stone giant skeleton (Geh:4)
  A shock serpent skeleton (Geh:4)
  A catoblepas zombie (Crypt:2)
  3 torpor snails
  10 demonic crawlers
  A spriggan skeleton (Depths:3)
  A yellow draconian zombie (Crypt:2)
  7 efreet
  33 freezing wraiths
  3 emperor scorpion zombies
  4 rime drakes
  64 yaktaurs
  2 yaktaurs (shapeshifter)
  A golden dragon simulacrum (Coc:2)
  4 hellwings
  2 ancient zymes (Abyss:2)
  9 komodo dragons
  A meliai (shapeshifter) (Vaults:1)
  21 red devils
  14 tormentors
  A green draconian skeleton (Crypt:3)
  12 hydra zombies
  9 polar bears
  A catoblepas skeleton (Coc:2)
  2 queen bees (shapeshifter)
  15 ice devils
  A merfolk (shapeshifter) (D:15)
  A tengu conjurer (Depths:2)
  2 trolls (shapeshifter)
  11 trolls
  37 jumping spiders
  An iron troll skeleton (Crypt:2)
  25 hornets
  4 guardian mummies
  A polar bear (shapeshifter) (Vaults:4)
  5 meliai
  A queen bee (Abyss:5)
  A harpy zombie (Geh:3)
  21 blink frogs
  A wolf spider simulacrum (D:15)
  5 hydra skeletons
  44 saltlings (Desolation)
  4 fire dragon zombies
  6 tyrant leeches
  3 spriggan zombies
  A harpy skeleton (Coc:7)
  9 ice dragon zombies
  A raiju (Abyss:2)
  2 dream sheep (Lair:6)
  127 slime creatures
  A frost giant simulacrum (Vaults:2)
  The ghost of jazmu the Skirmisher, an amateur GrGl (D:4)
  2 blink frogs (shapeshifter)
  19 bog bodies
  2 meliai zombies
  A stone giant simulacrum (Hell)
  14 hippogriffs
  51 flying skulls
  A satyr skeleton (Crypt:1)
  4 alligator zombies
  6 ettin zombies
  A dire elephant simulacrum (Hell)
  Sigmund (D:2)
  19 shadows
  9 spriggans
  29 wraiths
  3 air elementals
  A black mamba zombie (Dis:1)
  87 redbacks
  3 fire dragon skeletons
  2 ettin skeletons
  3 ice dragon skeletons
  7 alligator skeletons
  A vampire (D:15)
  3 black mamba skeletons
  3 elf zombies
  2 elf simulacra (Depths:3)
  62 yaks
  39 tarantellas
  11 wyverns
  A wyvern (shapeshifter) (D:14)
  21 fire elementals
  An ushabti (Crypt:3)
  3 fire bats (Geh:3)
  4 golden eyes (Slime:3)
  A human (shapeshifter) (D:14)
  2 human simulacra
  A wind drake zombie (Crypt:2)
  3 basilisks
  14 water elementals
  A ynoxinul (Abyss:2)
  26 vampire mosquitoes
  2 basilisks (shapeshifter)
  2 hungry ghosts
  A steam dragon (D:9)
  A catoblepas simulacrum (Crypt:2)
  A golden eye (shapeshifter) (Vaults:5)
  3 elf skeletons
  An infernal demonspawn zombie (Crypt:3)
  11 wargs
  An acid dragon (D:15)
  A hydra simulacrum (Coc:3)
  9 insubstantial wisps
  Edmund (D:5)
  18 swamp worms
  2 soldier ants
  10 porcupines
  A merfolk skeleton (Coc:7)
  12 water moccasins
  54 hell hounds
  2 floating eyes
  5 spiny frog zombies
  2 deep troll skeletons
  15 swamp drakes
  7 sky beasts
  5 eyes of draining
  11 ice beasts
  2 human zombies (Vaults:2)
  62 orc warriors
  2 alligator simulacra
  5 spiny frog skeletons
  20 boggarts
  2 snapping turtle zombies
  A manticore zombie (Geh:3)
  2 black bears
  6 phantoms
  3 swamp dragon skeletons
  35 ogres
  19 centaurs
  8 necrophages
  4 wolves (Lair:4)
  A dream sheep skeleton (Crypt:3)
  13 crocodiles
  An elephant skeleton (Crypt:1)
  A big kobold (D:7)
  A snapping turtle skeleton (Geh:2)
  3 yaktaur zombies
  18 bullfrogs
  A wyvern zombie (D:13)
  A salamander skeleton (Crypt:1)
  3 spiny frog simulacra
  2 earth elementals
  3 wyvern skeletons
  5 scorpions
  20 killer bees
  64 wights
  A raiju skeleton (Crypt:1)
  4 electric eels
  2 howler monkeys
  24 crimson imps
  3 quasits
  6 hounds
  7 jellies
  3 bullfrog skeletons
  45 orc priests
  2 iron imps
  7 iguanas
  41 orc wizards
  11 worker ants
  A porcupine skeleton (Crypt:2)
  A killer bee zombie (D:7)
  An ogre zombie (Crypt:1)
  A sky beast zombie (Crypt:1)
  2 tengu skeletons
  A hound skeleton (D:8)
  A worker ant zombie (D:10)
  2 howler monkey zombies (D:10)
  18 adders
  2 river rats (D:4)
  2 shadow imps
  A steam dragon skeleton (Crypt:3)
  11 white imps
  5 oozes (D:11)
  2 adder zombies
  An iguana zombie (Crypt:1)
  An adder skeleton (D:8)
  3 worms
  5 dart slugs
  8 leopard geckos
  135 orcs
  4 ball pythons
  3 bats
  A bat zombie (D:6)
  8 giant cockroaches
  6 goblins
  6 hobgoblins
  19 jackals
  2 quokkas
  A ball python zombie (Crypt:1)
  5 frilled lizards
  A frilled lizard skeleton (Crypt:3)
  A jackal skeleton (D:4)
  13 kobolds
  A kobold skeleton (Coc:7)
  A leopard gecko skeleton (Crypt:3)
  An orc zombie (Geh:3)
  8 rats
  A rat zombie (D:6)
  5 crawling corpses
  A fungus (Lair:5)
  3 pillars of salt (Elf:2)
  2 plants (Lair:6)
  A starspawn tentacle (Abyss:5)
  2 withered plants (D:10)
3373 creatures vanquished.

Vanquished Creatures (collateral kills)
  2 ancient liches (Depths:3)
  Saint Roka (Orc:1)
  A caustic shrike (Depths:2)
  3 large abominations (Vaults:5)
  2 titans
  A deep elf blademaster (Elf:3)
  3 shadow dragons
  Roxanne (D:15)
  A tengu reaver (Vaults:5)
  4 azure jellies
  2 deep elf sorcerers (Elf:3)
  A fire giant (Depths:2)
  A caustic shrike zombie (Depths:3)
  2 deep elf demonologists
  A deep elf annihilator (Vaults:5)
  A spark wasp (Depths:2)
  A crystal guardian (Desolation)
  11 slime creatures
  2 ragged hierophants (Desolation)
  2 small abominations (Vaults:5)
  An ogre mage (Vaults:5)
  3 two-headed ogres
  A spriggan berserker (Swamp:2)
  A spriggan (Swamp:2)
  A deep elf knight (Elf:3)
  A titan skeleton (Depths:3)
  3 deep elf archers
  A tengu zombie (Depths:3)
  2 deep elf magi (Elf:3)
  2 shining eyes (Slime:1)
  3 elephants (Lair:6)
  A vault sentinel (Vaults:5)
  A frost giant skeleton (Depths:3)
  A yaktaur (shapeshifter) (Depths:2)
  3 yaktaurs (Vaults:5)
  A saltling (Desolation)
  A hornet (Swamp:2)
  A yak (Lair:6)
  A floating eye (Depths:2)
  An ogre (Depths:3)
73 creatures vanquished.

Vanquished Creatures (others)
  An eldritch tentacle (Coc:2)
  A ghost moth (Spider:1)
  An elemental wellspring (Coc:7)
  A great orb of eyes (Depths:3)
  3 hell hogs
  3 two-headed ogres (Depths:1)
  An ogre mage (Depths:1)
  A deep troll shaman (Depths:3)
  A glowing orange brain (Depths:1)
  A deep elf mage (Elf:2)
  An ice devil (Coc:3)
  A stone giant simulacrum (Hell)
  A redback (Spider:1)
  A flying skull (Coc:7)
  A wraith (Hell)
  A hog (Elf:1)
  2 humans (Elf:1)
  An eye of draining (Lair:5)
  A necrophage (Coc:2)
  2 ogres (Depths:1)
  A small abomination (Abyss:5)
  A shadow imp (D:11)
  3 orcs (Orc:2)
  A briar patch (Swamp:1)
  A crawling corpse (Elf:3)
  11 fungi
  A lurking horror (Abyss:5)
  52 plants
  2 starspawn tentacles (Abyss:5)
  12 tentacles
111 creatures vanquished.

Grand Total: 3557 creatures vanquished

Notes
Turn   | Place    | Note
-------+----------+-------------------------------------------
     0 | D:1      | beigtais the Minotaur Fighter began the quest for the Orb.
     0 | D:1      | Reached XP level 1. HP: 19/19 MP: 0/0
   190 | D:1      | Reached XP level 2. HP: 27/27 MP: 1/1
   705 | D:2      | Reached XP level 3. HP: 28/33 MP: 2/2
  1136 | D:2      | Noticed Sigmund
  1154 | D:2      | Killed Sigmund
  1154 | D:2      | Reached skill level 5 in Fighting
  1154 | D:2      | Reached skill level 1 in Dodging
  1154 | D:2      | Reached XP level 4. HP: 33/42 MP: 3/3
  1154 | D:2      | Reached XP level 5. HP: 38/48 MP: 4/4
  1694 | D:2      | Found an iron altar of Okawaru.
  2088 | D:3      | Reached XP level 6. HP: 28/56 MP: 5/5
  2370 | D:3      | Found a white marble altar of Elyvilon.
  2686 | D:3      | Reached skill level 5 in Axes
  2858 | D:4      | Found a glowing drain.
  2875 | D:4      | Reached skill level 5 in Armour
  2893 | D:4      | Noticed jazmu's ghost (amateur GrGl)
  2904 | D:4      | Killed jazmu's ghost
  2904 | D:4      | Reached skill level 1 in Throwing
  2904 | D:4      | Reached XP level 7. HP: 52/62 MP: 6/6
  2969 | Sewer    | Entered a sewer
  3426 | Sewer    | Reached skill level 5 in Shields
  3644 | D:4      | Found Uninayr's Weapon Boutique.
  3807 | D:4      | Found a stormy altar of Qazlal.
  3809 | D:4      | Noticed an air elemental
  3810 | D:4      | Noticed a fire elemental
  3810 | D:4      | Noticed a water elemental
  3815 | D:4      | Found a snail-covered altar of Cheibriados.
  3927 | D:4      | Found a deep blue altar of Sif Muna.
  4005 | D:4      | Found a shadowy altar of Dithmenos.
  4119 | D:5      | Entered Level 5 of the Dungeon
  4119 | D:5      | Found the +2 pair of boots of the Assassin {Detection Stab+ Stlth++}
  4119 | D:5      | Noticed Edmund
  4148 | D:5      | Found an opulent altar of Gozag.
  4349 | D:5      | Found a glowing golden altar of the Shining One.
  4502 | D:6      | Found a sand-covered staircase.
  4513 | D:6      | Reached XP level 8. HP: 70/70 MP: 7/7
  4703 | D:5      | Killed Edmund
  4884 | D:5      | Found a glowing silver altar of Zin.
  4912 | D:5      | Reached XP level 9. HP: 65/78 MP: 8/8
  5300 | D:5      | Gained mutation: You evolve. [potion of mutation]
  5300 | D:5      | Gained mutation: Your natural rate of healing is unusually fast. [potion of mutation]
  5300 | D:5      | Gained mutation: You are resistant to hostile enchantments. (MR+) [potion of mutation]
  5707 | D:6      | Found an ancient bone altar of Kikubaaqudgha.
  5965 | D:7      | Reached skill level 1 in Stealth
  6008 | D:7      | Reached skill level 10 in Axes
  6076 | D:7      | Noticed Joseph
  6129 | D:7      | Killed Joseph
  6418 | D:7      | Reached XP level 10. HP: 88/88 MP: 9/9
  6634 | D:7      | Gained mutation: Your spells are a little harder to cast, but a little more powerful. [evolution]
  6647 | D:7      | Found a staircase to the Ecumenical Temple.
  6671 | Temple   | Entered the Ecumenical Temple
  6894 | Temple   | Became a worshipper of Trog the Wrathful
  7302 | D:8      | Found an ornate altar of the Wu Jian Council.
  7315 | D:8      | Noticed a two-headed ogre
  7329 | D:8      | Killed a two-headed ogre
  7378 | D:8      | Reached * piety under Trog
  7507 | D:8      | Noticed Rhok's ghost (novice DESu)
  7519 | D:8      | Killed Rhok's ghost
  7519 | D:8      | Reached skill level 5 in Dodging
  7645 | D:8      | Found a hide-covered altar of Uskayaw.
  7743 | D:8      | Found the +8 trident of the Octopus King {venom, rElec rPois MR+}
  8005 | D:9      | Found a sacrificial altar of Ru.
  8011 | D:9      | Noticed a two-headed ogre
  8018 | D:9      | Killed a two-headed ogre
  8315 | D:9      | Reached XP level 11. HP: 95/95 MP: 10/10
  8386 | D:9      | Found a radiant altar of Vehumet.
  8386 | D:9      | Found a shimmering altar of Xom.
  8561 | D:9      | Noticed a wolf spider
  8565 | D:9      | Killed a wolf spider
  8565 | D:9      | Reached skill level 5 in Throwing
  8605 | D:9      | Identified the Volume of Attacks and the Birds
  8706 | D:9      | Reached ** piety under Trog
  8813 | D:9      | Found a staircase to the Lair.
  8970 | D:9      | Gained mutation: You rapidly evolve. [evolution]
  9118 | D:10     | Entered Level 10 of the Dungeon
  9538 | D:10     | Noticed a two-headed ogre
  9548 | D:10     | Killed a two-headed ogre
 10011 | D:11     | Found a sacrificial altar of Ru.
 10104 | D:11     | Reached *** piety under Trog
 10200 | D:11     | Noticed an unseen horror
 10203 | D:11     | Killed an unseen horror
 10240 | D:11     | Noticed a two-headed ogre
 10251 | D:11     | Killed a two-headed ogre
 10351 | D:11     | Received a gift from Trog
 10416 | D:11     | Reached XP level 12. HP: 95/106 MP: 11/11
 10483 | D:11     | Received a gift from Trog
 10610 | D:11     | Reached skill level 10 in Shields
 10620 | D:11     | Reached **** piety under Trog
 10756 | D:11     | Noticed a two-headed ogre
 10765 | D:11     | Killed a two-headed ogre
 11050 | D:11     | Found a staircase to the Orcish Mines.
 11208 | Orc:1    | Entered Level 1 of the Orcish Mines
 11340 | Orc:2    | Entered Level 2 of the Orcish Mines
 11353 | Orc:2    | Reached skill level 10 in Fighting
 11356 | Orc:2    | Noticed Saint Roka
 11541 | Orc:1    | Noticed Erolcha
 11560 | Orc:1    | Killed Erolcha
 11674 | Orc:1    | Found a roughly hewn altar of Beogh.
 11841 | Orc:2    | Reached ***** piety under Trog
 11940 | Orc:2    | Noticed a two-headed ogre
 11950 | Orc:2    | Killed a two-headed ogre
 12052 | Orc:2    | Received a gift from Trog
 12554 | Orc:2    | Found a roughly hewn altar of Beogh.
 12583 | Orc:2    | Found Eliom's Weapon Boutique.
 12654 | Orc:2    | Found Feycepoden's Weapon Shop.
 12743 | Orc:2    | Reached skill level 10 in Armour
 12882 | Orc:2    | Noticed a two-headed ogre
 12887 | Orc:2    | Killed a two-headed ogre
 12904 | Orc:2    | Noticed a two-headed ogre
 12916 | Orc:2    | Killed a two-headed ogre
 13091 | Orc:2    | Reached skill level 15 in Axes
 13160 | Orc:2    | Reached XP level 13. HP: 114/114 MP: 12/12
 13449 | Orc:2    | Found a staircase to the Elven Halls.
 13580 | Orc:2    | Noticed an orc warlord
 13613 | Orc:2    | Killed an orc warlord
 13729 | Orc:2    | Found a roughly hewn altar of Beogh.
 13796 | Orc:2    | Found Faipnomp's General Store.
 13854 | Orc:2    | Bought a scroll of fear for 52 gold pieces
 13876 | Orc:2    | Found Puobok's Antique Armour Boutique.
 13908 | Orc:2    | Bought a pair of embroidered gloves for 255 gold pieces
 14192 | Orc:2    | Received a gift from Trog
 14643 | Orc:2    | Gained mutation: You have sharp toenails. [evolution]
 14995 | Lair:1   | Entered Level 1 of the Lair of Beasts
 15045 | D:9      | Reached skill level 1 in Evocations
 15244 | Lair:1   | Received a gift from Trog
 15401 | Lair:1   | Noticed Sonja
 15403 | Lair:1   | Killed Sonja
 16247 | Lair:2   | Found a hole to the Spider Nest.
 16573 | Lair:2   | Found a staircase to the Swamp.
 16737 | Lair:2   | Reached skill level 1 in Polearms
 16814 | Lair:2   | Gained mutation: You have razor-sharp toenails. [evolution]
 17339 | Lair:3   | Reached XP level 14. HP: 120/124 MP: 13/13
 17434 | Lair:3   | Reached ****** piety under Trog
 17476 | Lair:3   | Received a gift from Trog
 17574 | Lair:3   | Reached skill level 5 in Polearms
 19190 | Lair:5   | Identified a scroll of acquirement
 19253 | Lair:5   | Noticed bmj180's ghost (journeyman HOFi)
 19269 | Lair:5   | Killed bmj180's ghost
 19508 | Lair:5   | Found a viscous altar of Jiyva.
 19508 | Lair:5   | Found a staircase to the Slime Pits.
 19760 | Lair:6   | Entered Level 6 of the Lair of Beasts
 19980 | Lair:6   | Received a gift from Trog
 20286 | Lair:6   | Gained mutation: You are partially covered in iridescent scales. (AC +2) [evolution]
 20294 | Lair:6   | Reached skill level 10 in Polearms
 20294 | Lair:6   | Reached skill level 15 in Shields
 20429 | Lair:6   | Received a gift from Trog
 20677 | Lair:6   | Reached XP level 15. HP: 132/132 MP: 14/14
 21177 | Spider:1 | Entered Level 1 of the Spider Nest
 21382 | Spider:1 | Received a gift from Trog
 22627 | Spider:1 | Gained mutation: You expend magic power (3 MP) to strengthen your wands. [evolution]
 22757 | Spider:1 | Noticed a ghost moth
 22766 | Spider:1 | Killed a ghost moth
 23032 | Spider:2 | Noticed Asterion
 23036 | Spider:2 | Received a gift from Trog
 23042 | Spider:2 | Killed Asterion
 23876 | Spider:3 | Received a gift from Trog
 24132 | Spider:3 | Upgraded the game from 0.21.0-34-g9234887 to 0.21.0-37-g46506fa
 24173 | Spider:3 | Noticed Arachne
 24244 | Spider:3 | Noticed a ghost moth
 24262 | Spider:2 | Killed Arachne
 24262 | Spider:2 | Reached XP level 16. HP: 132/141 MP: 1/15
 24289 | Spider:3 | Received a gift from Trog
 24775 | Spider:4 | Entered Level 4 of the Spider Nest
 24990 | Spider:4 | Received a gift from Trog
 25486 | Spider:4 | Received a gift from Trog
 25807 | Spider:4 | Received a gift from Trog
 25903 | Spider:4 | Lost mutation: Your spells are a little harder to cast, but a little more powerful. [evolution]
 26142 | Spider:4 | Received a gift from Trog
 26310 | Spider:4 | Got a gossamer rune of Zot
 26566 | Swamp:1  | Entered Level 1 of the Swamp
 27077 | Swamp:1  | Reached skill level 10 in Throwing
 27400 | Swamp:1  | Noticed a thorn hunter
 27690 | Orc:1    | Killed Saint Roka
 28159 | D:12     | Got a slimy scale mail
 28165 | D:12     | Identified the +2 scale mail of the Eternal Void {*Drain +Fly Str-4 Int+7} (You took it off a wight on level 12 of the Dungeon)
 28233 | D:12     | Received a gift from Trog
 28239 | D:12     | Reached XP level 17. HP: 101/154 MP: 16/16
 28244 | D:12     | Got a smoking spear {god gift}
 28245 | D:12     | Identified the +3 spear "Fapui" {antimagic, *Drain Str+7 Dex+6} (Trog gifted it to you on level 12 of the Dungeon)
 28440 | D:12     | Reached skill level 15 in Fighting
 28700 | D:13     | Noticed Urug
 28704 | D:13     | Noticed Nessos
 28841 | D:13     | Killed Urug
 28851 | D:13     | Killed Nessos
 29746 | D:14     | Found a gate to the Vaults.
 30136 | D:14     | Received a gift from Trog
 30242 | D:14     | Gained mutation: You are agile. (Dex +2) [evolution]
 30623 | D:15     | Entered Level 15 of the Dungeon
 30655 | D:15     | Noticed Roxanne
 31129 | D:15     | Received a gift from Trog
 31158 | D:15     | Got a faintly humming hat
 31159 | D:15     | Identified the +2 hat "Heqauq" {rPois rCorr} (You acquired it on level 15 of the Dungeon)
 31507 | D:15     | Found a staircase to the Depths.
 31977 | D:15     | Killed Roxanne
 32207 | Elf:1    | Entered Level 1 of the Elven Halls
 32528 | Elf:1    | Noticed a Brimstone Fiend
 32837 | Elf:1    | Received a gift from Trog
 32860 | Elf:1    | Noticed Kirke
 32896 | Elf:1    | Killed Kirke
 33014 | Elf:1    | Identified the Handbook of Calling
 33218 | Elf:1    | Lost mutation: You expend magic power (3 MP) to strengthen your wands. [evolution]
 33218 | Elf:1    | Lost mutation: You rapidly evolve. [decline of evolution]
 33305 | Elf:1    | Noticed a Brimstone Fiend
 33356 | Elf:1    | Noticed a Brimstone Fiend
 33472 | Elf:1    | Received a gift from Trog
 33862 | Slime:1  | Entered Level 1 of the Pits of Slime
 33862 | Slime:1  | Noticed an acid blob
 33862 | Slime:1  | Noticed an acid blob
 33959 | Swamp:1  | Reached XP level 18. HP: 109/168 MP: 18/18
 34172 | Swamp:2  | Noticed Aizul
 34395 | Swamp:2  | Killed Aizul
 34578 | Swamp:2  | Received a gift from Trog
 34594 | Swamp:2  | Reached skill level 15 in Polearms
 35103 | Swamp:2  | Received a gift from Trog
 35322 | Swamp:3  | Received a gift from Trog
 35492 | Swamp:3  | Received a gift from Trog
 35495 | Swamp:3  | Got a faintly glowing great mace {god gift}
 35496 | Swamp:3  | Identified the +2 great mace "Kiecwara" {flame, rPois rC+ rN+ Stlth+} (Trog gifted it to you on level 3 of the Swamp)
 36168 | Swamp:4  | Entered Level 4 of the Swamp
 36242 | Swamp:4  | Reached skill level 10 in Dodging
 36591 | Swamp:4  | Received a gift from Trog
 36790 | Swamp:4  | Got a decaying rune of Zot
 37649 | Elf:2    | Received a gift from Trog
 37893 | Elf:2    | Found Duboplea's General Store.
 37910 | Elf:2    | Bought a potion of curing for 45 gold pieces
 37929 | Elf:2    | Found a ruined gateway.
 37972 | Desolati | Entered the Desolation of Salt
 38165 | Desolati | Lost mutation: You evolve. [end of evolution]
 38173 | Desolati | Identified the Catalogue of Boosts and the Oath
 38382 | Desolati | Identified Sif Muna's Reference Book on Dislocation and Dark Rites
 38393 | Desolati | Got a bound granite ring
 38472 | Desolati | Reached XP level 19. HP: 132/178 MP: 19/19
 38671 | Desolati | Received a gift from Trog
 39016 | Desolati | Got a distressingly furry plate armour
 39030 | Desolati | Identified the cursed +0 plate armour of the Enchanted Forest {Int+4} (You found it in the Desolation of Salt)
 39032 | Desolati | Identified the ring "Zafe" {rC+ Dex+2 SInv} (You found it in the Desolation of Salt)
 39419 | Desolati | Got a smoking flail
 39421 | Desolati | Identified the cursed +3 flail of the Shrike {crush, rPois} (You found it in the Desolation of Salt)
 39487 | Desolati | Got an encrusted hand crossbow
 39810 | Elf:2    | Found a huge runed gate.
 39810 | Elf:2    | Found a huge runed gate.
 39810 | Elf:2    | Found a huge runed gate.
 39810 | Elf:2    | Found a huge runed gate.
 39812 | Elf:2    | Found a huge runed gate.
 39874 | Elf:2    | Reached skill level 15 in Armour
 39875 | Elf:2    | Received a gift from Trog
 39878 | Elf:2    | Got a twisted spear {god gift}
 40072 | Elf:2    | Identified the +2 spear "Xozopt" {freeze, Int+3} (Trog gifted it to you on level 2 of the Elven Halls)
 40754 | Elf:3    | Entered Level 3 of the Elven Halls
 40989 | Elf:3    | Noticed a Tzitzimitl
 41171 | Elf:3    | Received a gift from Trog
 41569 | Elf:3    | Got a scorched silver ring
 41572 | Elf:3    | Identified the ring of the Lumpy Lives {*Corrode rF+ rN+ MR+ Dex+3} (You took it off a deep elf blademaster on level 3 of the Elven Halls)
 41880 | Elf:3    | Found a deep blue altar of Sif Muna.
 41936 | Elf:3    | Received a gift from Trog
 42145 | Elf:3    | Reached XP level 20. HP: 163/189 MP: 20/20
 42316 | Elf:3    | Got a smoking wooden ring
 42348 | Elf:3    | Received a gift from Trog
 42378 | Elf:3    | Identified the ring "Puilofua" {rF+ rC+ rN+ EV+3} (You took it off a deep elf blademaster on level 3 of the Elven Halls)
 44155 | Slime:2  | Received a gift from Trog
 44427 | Slime:4  | Lost mutation: You are agile. (Dex +2) [a shining eye]
 45273 | Slime:5  | Entered Level 5 of the Pits of Slime
 45374 | Slime:3  | Gained mutation: Your magical capacity is low. (-10% MP) [a shining eye]
 45377 | Slime:3  | Gained mutation: Your magical capacity is very low. (-20% MP) [a shining eye]
 45747 | Slime:3  | Received a gift from Trog
 45870 | Slime:3  | Gained mutation: You tend to lose your temper in combat. [a shining eye]
 46253 | Vaults:1 | Entered Level 1 of the Vaults
 46705 | Vaults:1 | Found a sparkling altar of Nemelex Xobeh.
 46753 | Vaults:1 | Received a gift from Trog
 46833 | Vaults:1 | Received a gift from Trog
 46833 | Vaults:1 | Reached XP level 21. HP: 95/199 MP: 16/16
 47672 | Vaults:1 | Identified Sif Muna's Incunabulum of Creative Attacks
 47683 | Vaults:1 | Got a steaming plate armour
 48260 | Vaults:1 | Found Oxoocaatwa's Magic Scroll Shoppe.
 48286 | Vaults:1 | Bought a scroll of remove curse for 57 gold pieces
 48286 | Vaults:1 | Bought a scroll of identify for 38 gold pieces
 48286 | Vaults:1 | Bought a scroll of identify for 38 gold pieces
 48286 | Vaults:1 | Bought a scroll of enchant armour for 142 gold pieces
 48286 | Vaults:1 | Bought a scroll of teleportation for 57 gold pieces
 48286 | Vaults:1 | Bought a scroll of enchant weapon for 142 gold pieces
 48286 | Vaults:1 | Bought a scroll of blinking for 142 gold pieces
 48286 | Vaults:1 | Bought a scroll of identify for 38 gold pieces
 48294 | Vaults:1 | Identified the cursed +1 plate armour of Wu Jian's Whim {Int+4 Dex+2} (You found it on level 1 of the Vaults)
 48791 | Vaults:2 | Received a gift from Trog
 49089 | Vaults:2 | Received a gift from Trog
 49304 | Vaults:2 | Noticed Boris
 49330 | Vaults:2 | Killed Boris
 49540 | Vaults:2 | Received a gift from Trog
 49642 | Vaults:2 | Received a gift from Trog
 49954 | Vaults:2 | Reached XP level 22. HP: 211/211 MP: 17/17
 50241 | Vaults:2 | Received a gift from Trog
 50665 | Vaults:3 | Noticed Xtahua
 51450 | Vaults:3 | Found a shimmering altar of Xom.
 51623 | Vaults:3 | Killed Xtahua
 51720 | Vaults:3 | Received a gift from Trog
 52080 | Vaults:3 | Found a staircase to the Crypt.
 52080 | Vaults:3 | Found an ancient bone altar of Kikubaaqudgha.
 52085 | Vaults:3 | Found a basalt altar of Yredelemnul.
 52494 | Vaults:4 | Received a gift from Trog
 53462 | Vaults:4 | Found Heuxoada's Book Emporium.
 55210 | Slime:4  | Gained mutation: Your magical capacity is extremely low. (-30% MP) [a shining eye]
 55217 | Slime:4  | Received a gift from Trog
 55365 | Slime:5  | Reached XP level 23. HP: 221/221 MP: 16/16
 55414 | Slime:5  | Noticed the Royal Jelly
 55527 | Slime:3  | Gained mutation: Armour fits poorly on your strangely shaped body. [a shining eye]
 55861 | Slime:5  | Received a gift from Trog
 56962 | Slime:5  | Killed the Royal Jelly
 57456 | Slime:5  | Found the +9 staff of Wucad Mu {channel}
 57457 | Slime:5  | Found the +4 arc blade {discharge, rElec}
 57458 | Slime:5  | Found the +3 robe of Folly {Archmagi, MR-- Int+5}
 57534 | Slime:5  | Got a slimy rune of Zot
 57609 | Slime:5  | Identified Sif Muna's Tome of Transmutation and Feathers
 57627 | Slime:5  | Received a gift from Trog
 57638 | Slime:5  | Got a warped hand axe {god gift}
 57639 | Slime:5  | Identified the +7 hand axe of Naxkecw {speed, rC++ Dex-2} (Trog gifted it to you on level 5 of the Pits of Slime)
 58322 | Orc:2    | Bought a scroll of acquirement for 780 gold pieces
 58325 | Orc:2    | Got a warped glaive
 58326 | Orc:2    | Identified the +8 glaive of Gallantry {drain, rPois rC+++ Int+4 Dex+2} (You acquired it on level 2 of the Orcish Mines)
 58707 | Crypt:1  | Entered Level 1 of the Crypt
 58767 | Crypt:1  | Noticed Mara
 58817 | Crypt:1  | Noticed beigtais's illusion
 58912 | Crypt:1  | Noticed beigtais's illusion
 59035 | Crypt:1  | Killed Mara
 60158 | Crypt:1  | Found a basalt altar of Yredelemnul.
 60214 | Crypt:1  | Got an encrusted battleaxe {freeze}
 60215 | Crypt:1  | Identified the cursed +3 battleaxe "Kuasse Such" {freeze, rPois MR+} (You took it off a skeletal warrior on level 1 of the Crypt)
 60373 | Crypt:1  | Received a gift from Trog
 61142 | Crypt:2  | Found a magical portal.
 61923 | Crypt:3  | Entered Level 3 of the Crypt
 61946 | Crypt:2  | Received a gift from Trog
 62668 | Crypt:3  | Reached XP level 24. HP: 192/233 MP: 16/16
 63212 | Crypt:3  | Found a staircase to the Tomb.
 63438 | Crypt:3  | Received a gift from Trog
 64143 | Crypt:3  | Got a slimy copper ring
 64494 | Crypt:3  | Found a basalt altar of Yredelemnul.
 64501 | Crypt:3  | Found an ancient bone altar of Kikubaaqudgha.
 64514 | Crypt:3  | Found the +8 demon blade "Leech" {vamp, rN+ AC-3 EV-3}
 64536 | Crypt:3  | Got a slimy wooden ring
 64538 | Crypt:3  | Identified the ring "Kaliligo" {+Blink rC++ rN+ SInv Stlth-} (You took it off a mummy priest on level 3 of the Crypt)
 64539 | Crypt:3  | Identified the ring "Ommahaig" {rN+ Dex+5} (You found it on level 3 of the Crypt)
 64577 | Crypt:3  | Identified Fakkatut's Almanac of Evil Magic
 64955 | Depths:1 | Entered Level 1 of the Depths
 65072 | Depths:1 | Found a gateway to a ziggurat.
 65083 | Depths:1 | Found Aciuveh's Gadget Shop.
 65131 | Depths:1 | Noticed Jorgrun
 65144 | Depths:1 | Killed Jorgrun
 65287 | Depths:1 | Found a gateway to Hell.
 66295 | Depths:2 | Paralysed by a floating eye for 3 turns
 66518 | Depths:2 | Received a gift from Trog
 66713 | Depths:2 | Noticed a juggernaut
 66729 | Depths:2 | Killed a juggernaut
 67192 | Depths:2 | Noticed the Enchantress
 67233 | Depths:1 | Killed the Enchantress
 67235 | Depths:1 | Got faerie dragon scales
 67236 | Depths:1 | Identified the +0 faerie dragon scales {rPois rCorr HP-3 Dex+2} (You took it off the Enchantress on level 1 of the Depths)
 67372 | Depths:2 | Found Neuckeb's Distillery.
 67380 | Depths:2 | Bought a potion of resistance for 150 gold pieces
 67380 | Depths:2 | Bought a potion of curing for 45 gold pieces
 67380 | Depths:2 | Bought a potion of heal wounds for 75 gold pieces
 67760 | Depths:2 | Received a gift from Trog
 67895 | Depths:3 | Found a one-way gate to the infinite horrors of the Abyss.
 68351 | Depths:3 | Received a gift from Trog
 68415 | Depths:3 | Reached XP level 25. HP: 236/241 MP: 16/16
 68572 | Depths:3 | Noticed an ancient lich
 68635 | Depths:3 | Killed an ancient lich
 68676 | Depths:3 | Noticed an ancient lich
 68684 | Depths:3 | Killed an ancient lich
 68699 | Depths:3 | Found an ancient bone altar of Kikubaaqudgha.
 68798 | Depths:3 | Got a wavering glass ring
 68807 | Depths:3 | Identified the ring "Onuruch" {+Blink Dex-4 Slay+3 Stlth+} (You found it on level 3 of the Depths)
 69115 | Depths:3 | Got a shimmering plate armour
 69116 | Depths:3 | Identified the +1 plate armour of the Trees {rElec Str+3} (You found it on level 3 of the Depths)
 69557 | Depths:3 | Received a gift from Trog
 69704 | Depths:3 | Found a one-way gate leading to the halls of Pandemonium.
 70019 | Depths:4 | Received a gift from Trog
 70886 | Depths:5 | Entered Level 5 of the Depths
 70886 | Depths:5 | Noticed a juggernaut
 70899 | Depths:5 | Received a gift from Trog
 70903 | Depths:5 | Killed a juggernaut
 71042 | Depths:5 | Found Zomot's Book Emporium.
 71319 | Depths:5 | Got a translucent buckler
 71320 | Depths:5 | Identified the +4 buckler of Gaedood {Int+4 Dex+2} (You found it on level 5 of the Depths)
 71349 | Depths:5 | Found a corrupted altar of Lugonu.
 71923 | Depths:5 | Reached skill level 5 in Evocations
 72018 | Depths:5 | Reached XP level 26. HP: 226/252 MP: 17/17
 72068 | Depths:5 | Found a gate to the Realm of Zot.
 73426 | Hell     | Entered the Vestibule of Hell
 73426 | Hell     | Noticed Geryon
 73667 | Hell     | Received a gift from Trog
 73669 | Hell     | Killed Geryon
 73779 | Depths:1 | Reached skill level 27 in Shields
 74138 | Hell     | Received a gift from Trog
 74158 | Hell     | Found a gateway to the ashen valley of Gehenna.
 74291 | Hell     | Received a gift from Trog
 74674 | Hell     | Found a gateway to the Iron City of Dis.
 74751 | Hell     | Found a gateway to the decaying netherworld of Tartarus.
 75155 | Vaults:5 | Entered Level 5 of the Vaults
 75209 | Vaults:5 | Received a gift from Trog
 75228 | Vaults:5 | Received a gift from Trog
 75301 | Vaults:5 | Upgraded the game from 0.21.0-37-g46506fa to 0.21.1
 75397 | Vaults:5 | Received a gift from Trog
 75465 | Vaults:5 | Noticed Margery
 75474 | Vaults:5 | Killed Margery
 75515 | Vaults:5 | Received a gift from Trog
 75515 | Vaults:5 | Reached XP level 27. HP: 248/266 MP: 6/19
 76359 | Vaults:5 | Found Ymutot's Book Boutique.
 76359 | Vaults:5 | Found Luxim's Gadget Boutique.
 76363 | Vaults:5 | Found Erchemiti's Book Shoppe.
 76367 | Vaults:5 | Bought a wand of disintegration (14) for 378 gold pieces
 76393 | Vaults:5 | Found Ykenop's Gadget Emporium.
 76526 | Vaults:5 | Received a gift from Trog
 76898 | Vaults:5 | Got a silver rune of Zot
 77969 | Vaults:1 | Bought a scroll of brand weapon for 380 gold pieces
 78174 | Hell     | Found a gateway to the freezing wastes of Cocytus.
 78198 | Hell     | Received a gift from Trog
 78383 | Dis:1    | Entered Level 1 of the Iron City of Dis
 78496 | Geh:1    | Entered Level 1 of Gehenna
 78597 | Geh:1    | Received a gift from Trog
 78797 | Tar:1    | Entered Level 1 of Tartarus
 78840 | Tar:1    | Received a gift from Trog
 79177 | Coc:1    | Entered Level 1 of Cocytus
 79755 | Coc:2    | Received a gift from Trog
 80039 | Coc:2    | Received a gift from Trog
 80507 | Coc:3    | Noticed an ancient lich
 80523 | Coc:3    | Killed an ancient lich
 80783 | Coc:5    | Cast into level 5 of the Abyss (the power of Zot)
 80783 | Abyss:5  | Entered Level 5 of the Abyss
 80807 | Abyss:5  | Reached skill level 27 in Fighting
 80853 | Abyss:5  | Got an abyssal rune of Zot
 80865 | Coc:5    | Escaped the Abyss
 80894 | Coc:5    | Received a gift from Trog
 81004 | Coc:5    | Reached skill level 27 in Axes
 81129 | Coc:7    | Entered Level 7 of Cocytus
 81258 | Coc:7    | Received a gift from Trog
 81516 | Coc:7    | Upgraded the game from 0.21.1 to 0.21.1-1-g345015f
 81751 | Dis:1    | Received a gift from Trog
 81815 | Dis:1    | Received a gift from Trog
 82382 | Geh:2    | Received a gift from Trog
 82897 | Geh:2    | Received a gift from Trog
 82981 | Geh:2    | Received a gift from Trog
 83307 | Geh:3    | Received a gift from Trog
 84045 | Geh:2    | Cast into level 1 of the Abyss (red devil)
 84242 | Abyss:2  | Received a gift from Trog
 84401 | Geh:2    | Escaped the Abyss
 84952 | Geh:4    | Received a gift from Trog
 85235 | Geh:3    | Received a gift from Trog
 85624 | Geh:5    | Received a gift from Trog
 85650 | Hell     | Gained mutation: You are dopey. (Int -2) [mutagenic glow]
 85671 | Hell     | Gained mutation: You are very dopey. (Int -4) [mutagenic glow]
 86056 | Geh:2    | Gained mutation: You are weak. (Str -2) [a cacodemon]
 86063 | Geh:2    | Gained mutation: You are frail. (-10% HP) [a cacodemon]
 86067 | Geh:2    | Quit the game

Skill      XL: |  1  2  3  4  5  6  7  8  9 10 11 12 13 14 15 16 17 18 19 20 21 22 23 24 25 26 27 |
---------------+----------------------------------------------------------------------------------+-----
Fighting       | 4 5 6 7 8 9 10 11 12 14 16 17 18 19 20 21 22 23 24 25 27 | 27.0
Axes           | 3 4 5 7 8 10 11 13 15 16 17 18 19 21 22 24 25 27 | 27.0
Shields        | 4 5 6 7 8 9 11 13 15 16 17 18 20 21 22 23 24 25 26 27 | 27.0
Armour         | 4 5 6 7 8 9 10 11 12 13 14 15 16 17 18 19 21 22 25 | 25.4
Dodging        | 1 2 3 4 5 6 7 9 10 11 12 14 | 14.2
Throwing       | 1 2 3 4 5 6 8 10 11 12 14 | 14.7
Stealth        | 1 3 4 |  4.8
Evocations     | 1 2 5 8 |  8.9
Polearms       | 3 10 13 14 15 16 17 18 | 18.3

Action                   |  1- 3 |  4- 6 |  7- 9 | 10-12 | 13-15 | 16-18 | 19-21 | 22-24 | 25-27 || total
-------------------------+-------+-------+-------+-------+-------+-------+-------+-------+-------++-------
Melee: War axe           |    68 |    99 |   293 |   778 |   222 |   178 |    97 |       |  1755 ||  3490
       Headbutt          |     7 |    13 |    56 |   227 |   398 |   525 |   648 |   674 |  1278 ||  3826
       Hand axe          |       |       |       |   146 |    39 |       |       |    16 |       ||   201
       Trident           |       |       |       |       |   999 |  1491 |  1028 |    69 |   205 ||  3792
       Demon trident     |       |       |       |       |   141 |    50 |    96 |    32 |   126 ||   445
       Broad axe         |       |       |       |       |       |    88 |   607 |  1666 |  1146 ||  3507
       Spear             |       |       |       |       |       |     1 |       |       |       ||     1
 Fire: Blowgun           |       |       |       |       |       |    14 |       |       |       ||    14
Throw: Stone             |     3 |     6 |       |    13 |       |       |       |       |       ||    22
       Tomahawk          |       |       |    59 |    79 |    30 |   252 |    97 |    31 |     4 ||   552
       Javelin           |       |       |       |    43 |    93 |    54 |    42 |    76 |    67 ||   375
Invok: Burn Spellbooks   |       |       |       |     2 |     2 |    10 |     3 |     8 |     7 ||    32
       Brothers in Arms  |       |       |       |       |     1 |     6 |    13 |     4 |    17 ||    41
       Trog's Hand       |       |       |       |       |       |       |       |       |     4 ||     4
 Abil: Evoke Blink       |       |       |       |       |       |       |       |       |    31 ||    31
Evoke: Wand              |       |       |     4 |    11 |    10 |    14 |     6 |    14 |    14 ||    73
       Lamp of fire      |       |       |     1 |       |       |       |       |       |       ||     1
       Horn of Geryon    |       |       |       |       |       |       |       |       |     1 ||     1
  Use: Scroll            |     3 |     5 |    12 |     7 |    22 |    15 |    17 |    22 |    25 ||   128
       Potion            |     2 |     5 |     4 |     7 |     5 |     8 |     3 |     5 |    19 ||    58
 Stab: Held in net/web   |       |       |       |       |     3 |       |       |       |       ||     3
       Confused          |       |       |       |       |       |     2 |     1 |     7 |     5 ||    15
       Distracted        |       |       |       |       |       |     2 |     3 |     2 |     1 ||     8
       Invisible         |       |       |       |       |       |       |       |       |     1 ||     1
  Eat: Chunk             |     1 |     2 |    10 |    21 |    29 |    29 |    26 |    21 |    22 ||   161
       Ration            |       |     1 |     1 |     1 |     3 |     5 |     5 |    12 |    15 ||    43
Armor: Scale mail        |    21 |    32 |    12 |       |       |       |       |       |       ||    65
       Chain mail        |       |       |    95 |    66 |       |       |       |       |       ||   161
       Plate armour      |       |       |       |   161 |   635 |   619 |       |       |       ||  1415
       Gold dragon scale |       |       |       |       |       |    20 |   463 |   509 |   957 ||  1949
Dodge: Dodged            |    18 |    25 |    68 |   162 |   372 |   493 |   403 |   535 |  1058 ||  3134
Block: Shield            |    32 |    52 |   209 |   578 |  1041 |  1297 |  1120 |  1399 |  2904 ||  8632
